 Dungeon Crawl Stone Soup version 0.29-a0-477-g62b78b4225 (webtiles) character file.

Game seed: 18126006863094320982

3217 oldark the Destroyer (level 9, 0/61 (62) HPs)
             Began as a Pale Draconian Conjurer on May 25, 2022.
             Was an Initiate of Sif Muna.
             Slain by a troll (7 damage)
             ... on level 7 of the Dungeon.
             The game lasted 00:40:24 (10370 turns).

oldark the Destroyer (Pale Draconian Conjurer)     Turns: 10370, Time: 00:40:25

HP:   0/61 (62)     AC:  9    Str: 11    XL:     9   Next: 65%
MP:   10/17         EV: 12    Int: 22    God:    Sif Muna [......]
Gold: 440           SH:  0    Dex:  9    Spells: 8/19 levels left

rFire   + . .      SeeInvis .   n - +11 hand axe of Moral Flaws {vamp, rF+}
rCold   + . .      Faith    .   (no shield)
rNeg    . . .      Spirit   .   (body armour unavailable)
rPois   .          Reflect  .   (helmet restricted)
rElec   .          Harm     .   u - +1 cloak {Stlth+}
rCorr   .          Rampage  .   (no gloves)
Will    .....                   (no boots)
Stlth   +++.......              (no amulet)
HPRegen 0.20/turn               m - ring of protection from cold
MPRegen 0.15/turn               (no ring)

@: on berserk cooldown, slowed, lightly drained, very slow
A: breathe steam, AC +7, unfitting armour, cold-blooded, steam resistance
a: Breathe Steam, Renounce Religion


You were on level 7 of the Dungeon.
You worshipped Sif Muna.
Sif Muna was noncommittal.
You visited 2 branches of the dungeon, and saw 9 of its levels.

You collected 440 gold pieces.

Inventory:

Hand Weapons
 d - a +0 dagger of holy wrath
 f - a +0 quarterstaff
 n - the +11 hand axe of Moral Flaws (weapon) {vamp, rF+}
   (You found it on level 5 of the Dungeon)

   It occasionally heals its wielder for a portion of the damage dealt when it
   wounds a living foe.
   rF:        It protects you from fire.
 t - a +4 quarterstaff of chaos
Missiles
 e - 9 javelins
Armour
 u - a +1 cloak of stealth (worn)
Jewellery
 b - a ring of positive energy
 m - a ring of protection from cold (left hand)
Wands
 a - a wand of polymorph (8)
 p - a wand of digging (3)
Scrolls
 c - 10 scrolls of identify
 i - 2 scrolls of enchant armour
 o - a scroll of fog
Potions
 g - a potion of berserk rage
 h - a potion of heal wounds
 j - 4 potions of curing
 k - a potion of resistance
 l - a potion of brilliance
 q - 2 potions of mutation {unknown}
 r - a potion of ambrosia
 s - 2 potions of lignification {unknown}


   Skills:
 + Level 3.7(4.7) Maces & Flails
 + Level 4.4(5.1) Staves
 - Level 1.7 Dodging
 - Level 1.7 Stealth
 + Level 5.6 Spellcasting
 * Level 8.8 Conjurations
 - Level 3.0 Hexes
 + Level 4.6 Translocations
 + Level 4.2 Evocations


You had 8 spell levels left.
You knew the following spells:

 Your Spells              Type           Power      Damage    Failure   Level
a - Magic Dart            Conj           100%       1d8       1%          1
b - Searing Ray           Conj           90%        2d7       1%          2
c - Fulminant Prism       Conj/Hex       16%        3d11      9%          4
d - Iskenderun's Mystic   Conj/Tloc      35%        2d8       6%          4

Your spell library contained the following spells:

 Spells                   Type           Power      Damage    Failure   Level
 Slow                     Hex            76%        N/A       2%          1
 Blink                    Tloc           52%        N/A       2%          2
 Dazzling Flash           Conj/Hex       64%        N/A       2%          3
 Lesser Beckoning         Tloc           26%        N/A       4%          3
 Ensorcelled Hibernation  Hex/Ice        24%        N/A       8%          2
 Confusing Touch          Hex            19%        N/A       9%          3
 Passwall                 Tmut/Erth      5%         N/A       14%         2
 Passage of Golubria      Tloc           26%        N/A       14%         4
 Ozocubu's Armour         Ice            6%         N/A       28%         3
 Swiftness                Air            6%         N/A       28%         3
 Vampiric Draining        Necr           6%         2d6       28%         3
 Manifold Assault         Tloc           26%        N/A       36%         5
 Ozocubu's Refrigeration  Ice            3%         4d5       100%        7
 Storm Form               Tmut/Air       3%         N/A       100%        7


Dungeon Overview and Level Annotations

Branches:
Dungeon (8/15)             Temple (1/1) D:7
   Lair: D:8-11

Altars:
Ashenzari
Cheibriados
Dithmenos
Elyvilon
Fedhas
Gozag
Hepliaklqana
Kikubaaqudgha
Makhleb
Nemelex Xobeh
Okawaru
Qazlal
Ru
Sif Muna
Trog
Uskayaw
Vehumet
Wu Jian
Xom
Yredelemnul
Zin

Shops:
D:6 [

Annotations:
D:7 5 runed translucent doors


Innate Abilities, Weirdness & Mutations

You can breathe blasts of scalding, opaque steam.
Your pale cyan-grey scales are hard. (AC +7)
You cannot fit into any form of body armour.
You are cold-blooded and may be slowed by cold attacks.
You are immune to the effects of steam.


Message History

You closely miss the necrophage. The troll bites you! The troll claws you!
* * * LOW HITPOINT WARNING * * *
The troll claws you.
* * * LOW HITPOINT WARNING * * *
The necrophage barely misses you.
You feel a strong urge to attack something.
You are too berserk!
You feel your anger nearly subside.
You are no longer berserk.
You are exhausted.
You feel yourself slow down.
Casting: Searing Ray (safe; 1% risk of failure)
Confirm with . or Enter, or press ? or * to list all spells.
Aiming: Searing Ray (safe; 1% risk of failure)
Press: ? - help, Shift-Dir - straight line, f - troll
Aim: a troll (82% to hit)
The searing ray hits the troll.
The troll is lightly wounded. (Press . to maintain the ray.)
The troll bites you.
* * * LOW HITPOINT WARNING * * *
The troll barely misses you. The troll claws you.
* * * LOW HITPOINT WARNING * * *
The searing ray hits the troll.
The troll is lightly wounded.
The searing ray hits the necrophage!
The necrophage is moderately damaged.
The troll barely misses you.
The troll claws you but does no damage. x2
The searing ray hits the troll.
The troll is lightly wounded.
The searing ray hits the necrophage.
The necrophage is heavily damaged.
The troll barely misses you. x2; The troll claws you.
* * * LOW HITPOINT WARNING * * *
The troll barely misses you. The troll closely misses you.
The troll claws you but does no damage.
The searing ray misses the troll.
The searing ray hits the necrophage.
The necrophage is severely damaged.
You finish channelling your searing ray.
The troll bites you!
You die...

.#.#..##..#.##.#
###########
###...##..#.##.#
#.....##..#.##.# ######
...)..##..#.##.# #....#
##.####<..#.##.#
######....#### ##.#
#........# #....'....'...
##.####.##..####
#.####....####
##........[>########.#
###..#
#######.......nT@....####
##.# #
##########........# #.# #
#.............###♣.♣## #
#....^..........##.).##
####
#......######....##....
...# #......# #.....##..<
...# #......# #......##♣.
.### ####...# #......(###
.# ####### #...#
#.......#


You could see a troll and a necrophage.

Vanquished Creatures
  Prince Ribbit (D:7)
  Menkaure (D:6)
  Duvessa (D:7)
  An orc warrior (D:6)
  4 water moccasins
  3 black bears
  4 ogres
  A centaur (D:7)
  A kobold brigand (D:7)
  2 phantoms
  A bullfrog (D:7)
  A necrophage (D:5)
  3 scorpions
  6 wights
  Dowan (D:7)
  A howler monkey (D:4)
  2 hounds
  An orc priest (D:6)
  3 jellies (D:5)
  Crazy Yiuf (D:7)
  4 iguanas
  Natasha (thrice) (D:2)
  An orc wizard (D:5)
  Robin (D:2)
  6 gnolls
  8 adders
  A shadow imp (D:5)
  A white imp (D:5)
  3 ufetubi
  A worm (D:4)
  2 dart slugs
  12 orcs
  6 ball pythons
  A bat zombie (D:3)
  10 endoplasms
  5 giant cockroaches
  10 goblins
  5 hobgoblins
  14 jackals
  15 kobolds
  7 quokkas
  3 bats
  5 frilled lizards
  6 rats
  A rat zombie (D:3)
  A fulminant prism (D:8)
171 creatures vanquished.

Vanquished Creatures (others)
  7 fulminant prisms
  A fungus (D:7)
  A plant (D:7)
9 creatures vanquished.

Grand Total: 180 creatures vanquished

Notes
Turn   | Place    | Note
-------+----------+-------------------------------------------
     0 | D:1      | oldark the Draconian Conjurer began the quest for the Orb.
     0 | D:1      | Reached XP level 1. HP: 14/14 MP: 3/3
   283 | D:1      | Reached XP level 2. HP: 13/20 MP: 0/5
   720 | D:1      | Learned a level 2 spell: Searing Ray
   974 | D:1      | Reached XP level 3. HP: 22/26 MP: 5/7
  2190 | D:2      | Noticed Natasha
  2212 | D:2      | Killed Natasha
  2213 | D:2      | Reached skill level 5 in Conjurations
  2213 | D:2      | Reached XP level 4. HP: 3/33 MP: 1/9
  2471 | D:2      | Learned a level 4 spell: Fulminant Prism
  2657 | D:2      | Noticed Robin
  2694 | D:2      | Killed Robin
  2947 | D:2      | Noticed Natasha
  2953 | D:2      | Killed Natasha
  2954 | D:2      | Reached XP level 5. HP: 29/38 MP: 2/10
  3020 | D:2      | Learned a level 4 spell: Iskenderun's Mystic Blast
  3140 | D:2      | Noticed Natasha
  3413 | D:2      | Killed Natasha
  3617 | D:3      | Reached skill level 1 in Hexes
  4016 | D:3      | Found an ancient bone altar of Kikubaaqudgha.
  4510 | D:4      | Reached skill level 1 in Translocations
  4510 | D:4      | Reached XP level 6. HP: 45/45 MP: 4/11
  4580 | D:4      | Got Tueti's Volume of the Traveller
  4948 | D:4      | Reached skill level 1 in Staves
  4948 | D:4      | Reached skill level 6 in Conjurations
  5599 | D:5      | Entered Level 5 of the Dungeon
  5630 | D:5      | Your scales start taking on a pale cyan-grey colour.
  5630 | D:5      | Reached XP level 7. HP: 50/50 MP: 5/13
  5630 | D:5      | Gained mutation: You are immune to the effects of steam.
                  | [Pale Draconian growth]
  5903 | D:5      | Identified the +11 hand axe of Moral Flaws {vamp, rF+}
  5972 | D:5      | Found a sparkling altar of Nemelex Xobeh.
  6234 | D:5      | Reached skill level 1 in Evocations
  6485 | D:5      | Reached skill level 1 in Maces & Flails
  6536 | D:5      | Reached skill level 7 in Conjurations
  6536 | D:5      | Reached XP level 8. HP: 57/57 MP: 8/14
  7057 | D:6      | Found Daicry's Armour Emporium.
  7223 | D:6      | Found an opulent altar of Gozag.
  7849 | D:6      | Noticed Menkaure
  7864 | D:6      | Killed Menkaure
  7865 | D:6      | Reached skill level 5 in Spellcasting
  8218 | D:6      | Reached skill level 8 in Conjurations
  8218 | D:6      | Reached XP level 9. HP: 62/62 MP: 6/16
  8603 | D:7      | Found a staircase to the Ecumenical Temple.
  8610 | Temple   | Entered the Ecumenical Temple
  8681 | Temple   | Became a worshipper of Sif Muna the Loreminder
  8732 | D:7      | Found the +9 staff of Olgreb {rPois∞}
  8859 | D:7      | Found a runed translucent gate.
  8859 | D:7      | Found a runed translucent gate.
  8860 | D:7      | Found a runed translucent door.
  8871 | D:7      | Found a runed translucent gate.
  8873 | D:7      | Found a runed translucent door.
  8912 | D:7      | Noticed Duvessa
  8912 | D:7      | Noticed Dowan
  8915 | D:7      | Killed Dowan
  8920 | D:7      | Killed Duvessa
  9169 | D:7      | Noticed Prince Ribbit
  9179 | D:7      | Killed Prince Ribbit
  9634 | D:7      | Found a runed translucent door.
  9635 | D:7      | Noticed Crazy Yiuf
  9674 | D:7      | Killed Crazy Yiuf
  9919 | D:7      | Found a shadowy altar of Dithmenos.
  9919 | D:7      | Found a blossoming altar of Fedhas.
  9921 | D:7      | Found a snail-covered altar of Cheibriados.
  9921 | D:7      | Found a glowing silver altar of Zin.
  9985 | D:7      | Found a faded altar of an unknown god.
  9985 | D:7      | Found a hazy altar of Hepliaklqana.
  9987 | D:7      | Found a faded altar of an unknown god.
 10342 | D:8      | Noticed a troll
 10370 | D:7      | Slain by a troll

Illustrated notes

Levels and vault maps discovered:
D:1:      psy_arrival_conway, layout_loops_cross, minmay_heptomino_d4
D:2:      layout_basic, uniq_robin, uniq_natasha
D:3:      layout_rooms, lemuel_zombie_altar_kikubaaqudgha, roderic_filled_cross,
          hangedman_decor_clover_reticule
D:4:      layout_cave_pods
D:5:      minmay_razor_zed, layout_gridville, nemelex_spade_bored_becter
D:6:      layout_loops_corners, nicolae_gozag_cash_rules_everything_around_me,
          serial_shops, nicolae_stop_n_shop_2, uniq_menkaure
D:7:      layout_basic, mainiacjoe_overflow_alcove_3,
          nicolae_hepliaklqana_ecumenical_no_more,
          minmay_temple_entry_drinking_statues, grunt_ministairs_8,
          minivault_22, minmay_guarded_unrand_staff_of_olgreb, uniq_duvessa,
          uniq_prince_ribbit1, uniq_crazy_yiuf_cottage
D:8:      layout_loops_ring, serial_undead, serial_undead_d, serial_undead_f,
          serial_undead_f, serial_undead_c, uniq_gastronok
Temple:   dshaligram_water_room_temple

Skill      XL: |  1  2  3  4  5  6  7  8  9 |
---------------+----------------------------+-----
Spellcasting   | 3 4 5 |  5.6
Conjurations   | 5 6 7 8 |  8.8
Hexes          | 1 2 3 |  3.0
Translocations | 1 2 3 4 |  4.6
Staves         | 1 2 3 4 |  4.4
Evocations     | 1 3 4 |  4.2
Maces & Flails | 1 2 3 |  3.7
Dodging        | |  1.7
Stealth        | |  1.7

Action                   |  1- 3 |  4- 6 |  7- 9 || total
-------------------------+-------+-------+-------++-------
Melee: Unarmed           |    41 |    11 |       ||    52
       Tailslap          |     9 |     7 |     4 ||    20
       Dagger            |    52 |    18 |       ||    70
       Club              |    18 |       |       ||    18
       Punch             |     2 |       |     1 ||     3
       Quarterstaff      |       |    14 |     2 ||    16
       Hand axe          |       |       |    21 ||    21
 Cast: Magic Dart        |    74 |   102 |    71 ||   247
       Searing Ray       |     3 |    13 |    45 ||    61
       Fulminant Prism   |       |     1 |     7 ||     8
  Use: Potion            |     1 |     5 |     2 ||     8
       Scroll            |       |     7 |     6 ||    13
Armor: Skin              |    63 |    23 |    30 ||   116
Dodge: Dodged            |    93 |    69 |    68 ||   230

Table legend: (Time is in decaauts)
 A = Elapsed time spent in this place.
 B = Non-inter-level travel time spent in this place.
 C = Inter-level travel time spent in this place.
 D = Time resting spent in this place.
 E = Time spent auto-exploring this place.
 F = Levels seen in this place.
 G = Mean time per level.
                   A        B        C        D        E       F      G
               +--------+--------+--------+--------+--------+-----+--------+
         Total |  10400 |  10127 |    273 |   3302 |   5506 |   9 | 1155.6 |
       Dungeon |  10293 |  10046 |    247 |   3302 |   5451 |   8 | 1286.6 |
        Temple |    107 |     81 |     26 |      0 |     55 |   1 |  107.0 |
               +--------+--------+--------+--------+--------+-----+--------+

Top non-repeatable levels by time:
     D:1: 1875 daAuts
     D:7: 1836 daAuts
     D:2: 1699 daAuts
     D:5: 1506 daAuts
     D:6: 1310 daAuts
     D:4: 1211 daAuts
     D:3: 832 daAuts
  Temple: 107 daAuts
     D:8: 19 daAuts
